 Dungeon Crawl Stone Soup version 0.30-a0-800-g7c544603b3 (webtiles) character file.

Game seed: 17240093012329032774

16919 Pimp the Protected (level 12, -17/113 HPs)
             Began as a Minotaur Fighter on Feb 23, 2023.
             Was a Priest of the Shining One.
             Killed from afar by Frances (26 damage)
             ... with an iron shot
             ... on level 13 of the Dungeon.
             The game lasted 00:26:59 (14099 turns).

Pimp the Protected (Minotaur Fighter)              Turns: 14099, Time: 00:27:00

Health: -17/113    AC: 19    Str: 26    XL:     12   Next: 14%
Magic:  11/11      EV: 10    Int:  5    God:    the Shining One [***...]
Gold:   1161       SH:  0    Dex: 16    Spells: 11/11 levels left

rFire   . . .      SeeInvis .    C - +9 dire flail (holy)
rCold   + . .      Faith    +    (shield currently unavailable)
rNeg    + . .      Spirit   .    Q - +4 ring mail
rPois   +          Reflect  .    (helmet restricted)
rElec   .          Harm     .    e - +2 cloak {rPois}
rCorr   .          Rampage  .    (no gloves)
Will    .....                    (no boots)
Stlth   +                        G - amulet of faith
HPRegen 0.38/turn                H - +4 ring of protection
MPRegen 0.12/turn                B - ring "Pycuxit" {+Blink rC+ Dex+6}

@: glowing
A: horns 2, retaliatory headbutt
a: Renounce Religion, Evoke Blink, Divine Shield, Cleansing Flame


You were on level 13 of the Dungeon.
You worshipped the Shining One.
The Shining One was most pleased with you.
You visited 2 branches of the dungeon, and saw 14 of its levels.

You collected 1311 gold pieces.
You spent 150 gold pieces at shops.

Inventory:

Hand Weapons
 h - the +6 hammer of Grim Eternal Vigilance {holy, Dex+2}
   (You found it on level 2 of the Dungeon)

   Dex:       It affects your dexterity (+2).
 j - a +3 short sword of speed
 A - the +6 quarterstaff of Letocsi Siesch {antimagic, Will+ Int+6}
   (You found it on level 5 of the Dungeon)

   Int:       It affects your intelligence (+6).
   Will:      It increases your willpower.
 C - a +9 dire flail of holy wrath (weapon)
Missiles
 d - 8 boomerangs
 g - 27 poisoned darts (quivered)
 o - 5 javelins
 F - 2 atropa-tipped darts
Armour
 b - a +0 scale mail
 c - a +0 buckler
 e - a +2 cloak of poison resistance (worn)
 x - a +0 kite shield
 Q - a +4 ring mail (worn)
 R - a +0 pair of gloves
 S - a +0 pair of boots
Jewellery
 p - a ring of protection from cold
 r - a ring of fire
 B - the ring "Pycuxit" (right hand) {+Blink rC+ Dex+6}
   (You found it on level 5 of the Dungeon)

   [ring of dexterity]

   Dex:       It affects your dexterity (+6).
   rC:        It protects you from cold.
   +Blink:    It lets you blink.
 E - a ring of see invisible
 G - an amulet of faith (around neck)
 H - a +4 ring of protection (left hand)
 K - a ring of protection from cold
 L - a ring of positive energy
 P - a +5 ring of evasion
Wands
 u - a wand of polymorph (5)
 v - a wand of paralysis (5)
 w - a wand of flame (45)
 J - a wand of digging (1)
 T - a wand of mindburst (6)
 U - a wand of light (6)
Scrolls
 a - a scroll of fog {unknown}
 n - a scroll of blinking
 t - 3 scrolls of teleportation
 y - 4 scrolls of amnesia
 D - 3 scrolls of magic mapping
 N - 2 scrolls of identify
 V - a scroll of summoning {unknown}
Potions
 f - 3 potions of lignification
 i - 6 potions of curing
 k - 2 potions of invisibility
 l - 5 potions of flight
 m - a potion of magic {unknown}
 q - 3 potions of degeneration {unknown}
 s - a potion of brilliance {unknown}
 z - 3 potions of mutation {unknown}
 I - 2 potions of attraction {unknown}


   Skills:
 + Level 12.5 Fighting
 - Level 3.5 Long Blades
 + Level 11.7 Maces & Flails
 + Level 12.5 Armour
 + Level 12.5 Shields


You had 11 spell levels left.
You didn't know any spells.
Your spell library contained the following spells:

 Spells                   Type           Power      Damage    Failure   Level
 Foxfire                  Conj/Fire      0%         2x1d4     58%         1
 Magic Dart               Conj           0%         1d3       58%         1
 Call Imp                 Summ           0%         N/A       73%         2
 Cigotuvi's Dreadful Rot  Necr/Pois/Air  0%         N/A       73%         2
 Poisonous Vapours        Pois/Air       0%         N/A       73%         2
 Inner Flame              Hex/Fire       0%         N/A       91%         3
 Mephitic Cloud           Conj/Pois/Air  0%         N/A       91%         3
 Cause Fear               Hex            0%         N/A       100%        4
 Passage of Golubria      Tloc           0%         N/A       100%        4
 Fireball                 Conj/Fire      0%         3d3       100%        5
 Silence                  Hex/Air        0%         N/A       100%        5
 Starburst                Conj/Fire      0%         6d3       100%        6
 Discord                  Hex            0%         N/A       100%        8
 Lehudib's Crystal Spear  Conj/Erth      0%         10d2      100%        8


Dungeon Overview and Level Annotations

Branches:
Dungeon (13/15)            Temple (1/1) D:7            Lair (0/5) D:8
    Orc (0/2) D:10
 Vaults: D:13-14

Altars:
Ashenzari
Cheibriados
Dithmenos
Elyvilon
Fedhas
Gozag
Hepliaklqana
Kikubaaqudgha
Makhleb
Nemelex Xobeh
Okawaru
Qazlal
Ru
Sif Muna
Trog
Uskayaw
Wu Jian
Xom
Yredelemnul
Zin
The Shining One

Shops:
D:4 [   D:8 !

Annotations:
D:13 Frances


Innate Abilities, Weirdness & Mutations

You have a pair of horns on your head.
You reflexively headbutt those who attack you in melee.


Message History

You kill the manticore!
You start resting.
HP restored.
Things that are here:
a +1 dagger of protection; a +0 robe
Found a sling.
Frances, Duchess of Pandemonium comes into view.
She is wielding a +0 scimitar of electrocution.
Frances screams a word of power!
An unseen horror comes into view.
You bludgeon the unseen horror!! You headbutt the unseen horror!
The unseen horror is almost dead.
The unseen horror hits you but does no damage.
Found an escape hatch in the floor.
The unseen horror completely misses you.
You furiously retaliate!
You headbutt the unseen horror!
You kill the unseen horror!
Frances screams a word of power!
The shard of ice hits you!! You partially resist.
You see here a scroll of fear.
Frances hits you with a +0 scimitar of electrocution.
You are electrocuted!
You hit Frances.
Frances is lightly wounded.
Frances mutters in a terrible tongue.
Frances seems to speed up.
You impale Frances!! Your headbutt misses Frances.
Frances is moderately wounded.
Frances hits you with a +0 scimitar of electrocution!!
You barely miss Frances. You headbutt Frances, but do no damage.
Frances is moderately wounded.
Frances hits you with a +0 scimitar of electrocution!!
* * * LOW HITPOINT WARNING * * *
You are electrocuted!
* * * LOW HITPOINT WARNING * * *
You thump Frances!
Frances is moderately wounded.
The chaos spawn splatters into many small globs of multi-coloured light, then recombines.
Frances chants phrases taken from a devil's mouth.
The iron shot hits you!!
You die...

########
...[....
######## ## #
######
#.##.#####...##
#...............
4.. #####...##
#########@#
#####...###
>.......@#
#.........#
######?##
#.###...#.#
.######.## #.
##.##.#
.........## #.
#.##.#
#######...###.
#.##.# ##...)#.
##.##.#
###.#.#..#
#..##.#
#.....#..#
##.###.#
#.#.###..#
####...##.#


You could see Frances (fast) and a chaos spawn (summoned).

Vanquished Creatures
  Snorg (D:12)
  2 two-headed ogres
  Lodul (D:10)
  Pikel (D:6)
  2 cyclopes
  An ugly thing (D:11)
  A manticore (D:13)
  An unseen horror (D:13)
  2 kobold demonologists
  2 komodo dragons
  3 shadows
  A wyvern (D:5)
  3 wraiths
  25 yaks
  Grum (D:9)
  2 steam dragons
  Edmund (D:6)
  An acid dragon (D:8)
  A water moccasin (D:5)
  4 orc warriors
  3 sky beasts
  3 black bears (D:5)
  An ice beast (D:7)
  2 wolves
  11 ogres
  2 centaurs
  2 lemures (D:6)
  2 phantoms (D:5)
  4 kobold brigands
  2 bullfrogs
  4 gnoll sergeants (D:7)
  2 necrophages
  6 wights
  The ghost of oldplebian the Cudgeller, a weakling MiBe of Trog (D:4)
  9 killer bees
  8 howler monkeys
  4 gnoll boudas
  12 hounds
  4 jellies
  Crazy Yiuf (D:2)
  4 orc priests
  A water moccasin simulacrum (D:4)
  4 iguanas
  9 orc wizards
  A bullfrog simulacrum (D:4)
  A scorpion simulacrum (D:4)
  Robin (D:2)
  29 gnolls
  15 adders
  A hound simulacrum (D:4)
  A shadow imp (D:5)
  9 white imps
  5 worms
  A dart slug (D:1)
  2 adder simulacra (D:4)
  50 orcs
  9 ball pythons
  5 bats
  6 endoplasms
  4 giant cockroaches
  7 hobgoblins
  17 jackals
  5 quokkas
  5 frilled lizards
  25 goblins
  19 kobolds
  6 rats
  A spectral goblin (D:10)
  A bush (D:12)
383 creatures vanquished.

Vanquished Creatures (others)
  2 orcs (D:7)
  22 plants
24 creatures vanquished.

Grand Total: 407 creatures vanquished

Notes
Turn   | Place    | Note
-------+----------+-------------------------------------------
     0 | D:1      | Pimp the Minotaur Fighter began the quest for the Orb.
     0 | D:1      | Reached XP level 1. HP: 19/19 MP: 0/0
    56 | D:1      | Found a faded altar of an unknown god.
   138 | D:1      | Reached XP level 2. HP: 24/27 MP: 1/1
   646 | D:1      | Reached XP level 3. HP: 33/33 MP: 2/2
  1174 | D:2      | Reached XP level 4. HP: 40/40 MP: 3/3
  1231 | D:2      | Found a runed translucent door.
  1232 | D:2      | Noticed Crazy Yiuf
  1320 | D:2      | Killed Crazy Yiuf
  1325 | D:2      | Identified the +6 hammer of Grim Eternal Vigilance {holy,
                  | Dex+2}
  1534 | D:2      | Identified the +1 helmet of a ziggurat {rElec Int+2}
  1534 | D:2      | Noticed Robin
  1774 | D:2      | Reached XP level 5. HP: 34/47 MP: 4/4
  1778 | D:2      | Killed Robin
  1779 | D:2      | Reached skill level 1 in Maces & Flails
  2571 | D:3      | Reached skill level 5 in Shields
  2618 | D:3      | Reached skill level 5 in Armour
  2620 | D:3      | Reached skill level 5 in Fighting
  2970 | D:3      | Found a bloodstained altar of Trog.
  3192 | D:4      | Noticed an ogre
  3204 | D:4      | Killed an ogre
  3205 | D:4      | Reached XP level 6. HP: 28/56 MP: 5/5
  3329 | D:4      | Found a runed translucent gate.
  3329 | D:4      | Found a runed translucent gate.
  3329 | D:4      | Found a runed translucent gate.
  3348 | D:4      | Noticed oldplebian's ghost (weakling MiBe)
  3359 | D:4      | Killed oldplebian's ghost
  3561 | D:4      | Found Vypsoha's Armour Shoppe.
  3953 | D:5      | Entered Level 5 of the Dungeon
  3960 | D:5      | Reached XP level 7. HP: 59/62 MP: 6/6
  4623 | D:5      | Identified the +6 quarterstaff of Letocsi Siesch
                  | {antimagic, Will+ Int+6}
  4765 | D:5      | Reached XP level 8. HP: 71/71 MP: 7/7
  4785 | D:5      | Reached skill level 5 in Maces & Flails
  4865 | D:5      | Identified the ring "Pycuxit" {+Blink rC+ Dex+6}
  5481 | D:6      | Found a stormy altar of Qazlal.
  5559 | D:6      | Noticed Edmund
  5567 | D:6      | Killed Edmund
  5568 | D:6      | Reached XP level 9. HP: 74/81 MP: 8/8
  6219 | D:6      | Found an opulent altar of Gozag.
  6221 | D:6      | Found an opulent altar of Gozag.
  6227 | D:6      | Found an opulent altar of Gozag.
  6374 | D:6      | Found an opulent altar of Gozag.
  6758 | D:7      | Noticed Pikel
  6881 | D:6      | Killed Pikel
  7487 | D:7      | Reached XP level 10. HP: 91/91 MP: 9/9
  7581 | D:7      | Found a shadowy altar of Dithmenos.
  8217 | D:7      | Found a burning altar of Makhleb.
  8431 | D:7      | Found a staircase to the Ecumenical Temple.
  8442 | Temple   | Entered the Ecumenical Temple
  8523 | Temple   | Became a worshipper of the Shining One
  8812 | D:8      | Found Plog's Distillery.
  8817 | D:8      | Bought a potion of haste for 150 gold pieces
  9114 | D:8      | Reached skill level 10 in Armour
  9119 | D:8      | Reached skill level 10 in Fighting
  9119 | D:8      | Reached skill level 10 in Shields
  9348 | D:8      | Found an iron altar of Okawaru.
  9544 | D:8      | Found a staircase to the Lair.
  9595 | D:8      | Found an ornate altar of the Wu Jian Council.
  9658 | D:9      | Reached * piety under the Shining One
  9959 | D:9      | Noticed Grum
 10216 | D:9      | Reached XP level 11. HP: 88/101 MP: 10/10
 10232 | D:9      | Reached skill level 10 in Maces & Flails
 10344 | D:9      | Paralysed by a kobold for 2 turns
 10446 | D:9      | You fall into a shaft and drop 1 floor!
 10446 | D:10     | Entered Level 10 of the Dungeon
 10461 | D:10     | Found a staircase to the Orcish Mines.
 10521 | D:10     | Found a broken altar of Ashenzari.
 10544 | D:10     | Found a hazy altar of Hepliaklqana.
 10545 | D:10     | Reached ** piety under the Shining One
 10555 | D:10     | Noticed a two-headed ogre
 10560 | D:10     | Killed a two-headed ogre
 10677 | D:10     | Found a shimmering altar of Xom.
 10678 | D:10     | Identified the +5 whip of the Crawling Thing {flame, rN+}
 10980 | D:10     | Found a shimmering blue altar of Sif Muna.
 11090 | D:9      | Killed Grum
 11600 | D:11     | Noticed Lodul
 11609 | D:10     | Killed Lodul
 12092 | D:11     | Noticed a cyan ugly thing
 12102 | D:11     | Killed a cyan ugly thing
 12262 | D:11     | Found a glowing golden altar of the Shining One.
 12696 | D:12     | Found a blossoming altar of Fedhas.
 12857 | D:12     | Noticed a two-headed ogre
 12866 | D:12     | Killed a two-headed ogre
 13151 | D:12     | Noticed Snorg
 13168 | D:12     | HP: 1/104 [Snorg (13)]
 13709 | D:12     | Killed Snorg
 13710 | D:12     | Reached XP level 12. HP: 87/113 MP: 11/11
 13880 | D:13     | Reached *** piety under the Shining One
 14091 | D:13     | Noticed Frances
 14099 | D:13     | Killed from afar by Frances

Illustrated notes

Levels and vault maps discovered:
D:1:      evilmike_arrival_crescent, layout_loops_ring,
          nicolae_ecumenical_lake_church, hex_tiny
D:2:      layout_loops_cross, serial_bayou_pond_c, uniq_robin,
          uniq_crazy_yiuf_cottage
D:3:      layout_basic, bloody_trog
D:4:      layout_loops_cross, serial_shops, nicolae_lakefront_shop,
          gammafunk_ghost_icy
D:5:      minmay_clustersquares, layout_layer_cave, minmay_circle_x
D:6:      layout_basic, amcnicky_altar_gilded,
          nicolae_gozag_conspicuous_consumption, kennysheep_cross_room,
          serial_park_tiny_1, uniq_edmund
D:7:      layout_cave_pools, grunt_dithmenos_smoke_and_mirrors,
          mainiacjoe_overflow_surrounded_room, temple_hall, serial_gnoll_camp,
          gnoll_camp_medium_02, gnoll_camp_huts_basic,
          gnoll_camp_mini_loothouse, gnoll_camp_mini_hut,
          gnoll_camp_mini_sergeant, skrybe_limestone_x, uniq_pikel
D:8:      layout_rooms, old_standard_altar, okawaru_trees_2, lair_entry_dummy,
          enter_bailey_3, serial_shops, nicolae_shop_statue_plus
D:9:      layout_long_grid, nicolae_overflow_hidden_temple, uniq_grum
D:10:     layout_cave_pools, lemuel_blue_sif_altar,
          nicolae_hepliaklqana_monster_ancestors, ashenzari_altar_1,
          mainiacjoe_overflow_concentric_impassable, david_orc_2
D:11:     layout_irregular_city, tso_oasis_becter, uniq_lodul
D:12:     layout_irregular_city, fedhas_bush_and_centaur_altar, uniq_snorg
D:13:     layout_loops_ring, ximxim_vaults_locker_room, serial_shops,
          nicolae_shop_crystal, minmay_shop_chei, lightli_corner_chamber,
          uniq_frances
Temple:   compressed_dpeg_circular_temple

Skill      XL: |  1  2  3  4  5  6  7  8  9 10 11 |
---------------+----------------------------------+-----
Fighting       | 4 5 6 7 9 10 12 | 12.5
Armour         | 4 5 6 7 9 10 12 | 12.5
Shields        | 4 5 6 7 9 10 12 | 12.5
Long Blades    | 3 |  3.5
Maces & Flails | 2 3 4 6 8 9 11 | 11.7

Action                     |  1- 3 |  4- 6 |  7- 9 | 10-12 || total
---------------------------+-------+-------+-------+-------++-------
  Melee: Long sword        |    68 |       |       |       ||    68
         Headbutt          |    15 |    28 |    51 |    96 ||   190
         Short sword       |    61 |     3 |       |       ||    64
         Mace              |       |   159 |   237 |   153 ||   549
         Dire flail        |       |       |       |   241 ||   241
  Throw: Dart              |       |     7 |     4 |     5 ||    16
    Use: Scroll            |       |    10 |     8 |    11 ||    29
         Potion            |       |     3 |     1 |     7 ||    11
 Armour: Scale mail        |    53 |   101 |   136 |   144 ||   434
         Ring mail         |       |       |       |    53 ||    53
  Dodge: Dodged            |    41 |    66 |   143 |   220 ||   470
  Block: Buckler           |    25 |    56 |   106 |       ||   187
         Kite shield       |       |       |    20 |   104 ||   124

Table legend: (Time is in decaauts)
 A = Elapsed time spent in this place.
 B = Non-inter-level travel time spent in this place.
 C = Inter-level travel time spent in this place.
 D = Time resting spent in this place.
 E = Time spent auto-exploring this place.
 F = Levels seen in this place.
 G = Mean time per level.
                   A        B        C        D        E       F      G
               +--------+--------+--------+--------+--------+-----+--------+
         Total |  14134 |  13541 |    593 |   2895 |   7901 |  14 | 1009.6 |
       Dungeon |  13965 |  13389 |    576 |   2895 |   7839 |  13 | 1074.2 |
        Temple |    168 |    151 |     17 |      0 |     62 |   1 |  168.0 |
               +--------+--------+--------+--------+--------+-----+--------+

Top non-repeatable levels by time:
     D:7: 1558 daAuts
     D:6: 1508 daAuts
     D:5: 1494 daAuts
     D:8: 1490 daAuts
    D:12: 1138 daAuts
     D:2: 1135 daAuts
     D:1: 1055 daAuts
     D:3: 928 daAuts
    D:11: 887 daAuts
     D:4: 874 daAuts
     D:9: 797 daAuts
    D:10: 757 daAuts
    D:13: 338 daAuts
  Temple: 168 daAuts
